 Dungeon Crawl Stone Soup version 0.25-a0-353-ged6d54792d (webtiles) character file.

Game seed: 15012829475282495722, levelgen mode: deterministic

42 night the Firebug (level 3, -1/26 HPs)
             Began as a Demonspawn Fire Elementalist on Jan 2, 2020.
             Slain by a hobgoblin
             ... wielding a +0 club
              (4 damage)
             ... on level 2 of the Dungeon.
             The game lasted 00:04:25 (1369 turns).

night the Firebug (Demonspawn Fire Elementalist)    Turns: 1369, Time: 00:04:26

Health: -1/26      AC:  3    Str:  8    XL:     3   Next: 33%
Magic:  2/6        EV: 12    Int: 17    God:
Gold:   62         SH:  0    Dex: 13    Spells: 5/6 levels left

rFire    . . .     SeeInvis .   k - +0 mace
rCold    . . .     Gourm    .   (no shield)
rNeg     . . .     Faith    .   a - +0 robe
rPois    .         Spirit   .   (helmet restricted)
rElec    .         Reflect  .   (no cloak)
rCorr    .         Harm     .   e - +0 pair of gloves
MR       .....                  (no boots)
Stlth    +.........             (no amulet)
HPRegen  0.08/turn              g - ring of attention (curse)
MPRegen  0.10/turn              (no ring)

@: no status effects
A: horns 1
a: no special abilities


You were on level 2 of the Dungeon.
You were not hungry.

You visited 1 branch of the dungeon, and saw 2 of its levels.

You collected 62 gold pieces.

Inventory:

Hand Weapons
 k - a +0 mace (weapon)
Missiles
 b - 47 arrows
 d - 6 javelins (quivered)
 l - 17 bolts
 r - 18 sling bullets
 s - 4 stones
Armour
 a - a +0 robe (worn)
 e - a +0 pair of gloves (worn)
Jewellery
 g - a cursed ring of attention (left hand)
 j - an uncursed ring of protection from magic {unknown}
 t - a +3 ring of evasion {unknown}
Scrolls
 h - 2 scrolls of teleportation {unknown}
 m - 2 scrolls of identify {unknown}
 o - 2 scrolls of enchant weapon {unknown}
 q - a scroll of magic mapping {unknown}
Potions
 i - a potion of haste {unknown}
 n - a potion of heal wounds {unknown}
 p - a potion of resistance {unknown}
Comestibles
 c - 3 rations
 f - 5 chunks of flesh


   Skills:
 + Level 1.3 Fighting
 - Level 1.7 Dodging
 - Level 1.7 Stealth
 + Level 2.4 Spellcasting
 + Level 1.7 Conjurations
 + Level 3.0 Fire Magic


You had 5 spell levels left.
You knew the following spells:

 Your Spells              Type           Power        Failure   Level  Hunger
a - Foxfire               Conj/Fire      ##..         7%          1    #......

Your spell library contained the following spells:

 Spells                   Type           Power        Failure   Level  Hunger
 Conjure Flame            Conj/Fire      ##......     21%         3    ###....
 Inner Flame              Hex/Fire       #.......     30%         3    ###....
 Sticky Flame             Conj/Fire      ##......     56%         4    #####..
 Fireball                 Conj/Fire      ##........   88%         5    ######.


Dungeon Overview and Level Annotations

Branches:
Dungeon (2/15)

Altars:

Annotations:
D:2 Terence


Innate Abilities, Weirdness & Mutations

You have a pair of small horns on your head.


Message History

You conjure some foxfire!
Terence hits you with a +0 flail!
The foxfire hits Terence but does no damage.
Terence is lightly wounded.
The foxfire hits Terence.
Terence is moderately wounded.
Terence misses you. Terence completely misses you.
The hobgoblin hits you with a +0 club. The hobgoblin hits you with a +0 club.
The hobgoblin closely misses you. The hobgoblin hits you with a +0 club.
* * * LOW HITPOINT WARNING * * *
You see here a frilled lizard skeleton.
The hobgoblin hits you but does no damage.
There is a stone staircase leading up, spattered with blood here.
Found a scroll labeled SOEQO BOLENITS.
Found 16 bolts.
You hit the hobgoblin. You headbutt the hobgoblin.
The hobgoblin is heavily wounded.
The hobgoblin hits you with a +0 club.
You die...

...........#
...........#
...$.......#
...........#
.........รท)#
.........<##
..##.....## .
###g#.###...
#@@....?#
###(..###
#.#.....
...#....
##.#.##.. ..
# # .## (#


You could see Terence and a hobgoblin.

Vanquished Creatures
  A leopard gecko (D:2)
  5 bats (D:1)
  3 giant cockroaches (D:1)
  4 goblins (D:1)
  4 hobgoblins
  7 jackals
  A frilled lizard (D:2)
  6 kobolds
  5 rats
36 creatures vanquished.

Vanquished Creatures (others)
  94 foxfires
94 creatures vanquished.

Grand Total: 130 creatures vanquished

Notes
Turn   | Place    | Note
-------+----------+-------------------------------------------
     0 | D:1      | night the Demonspawn Fire Elementalist began the quest for
                  | the Orb.
     0 | D:1      | Reached XP level 1. HP: 13/13 MP: 3/3
   248 | D:1      | Gained mutation: You have a pair of small horns on your
                  | head. [demonic ancestry]
   248 | D:1      | Reached XP level 2. HP: 20/20 MP: 1/5
   629 | D:1      | Reached skill level 1 in Fighting
   662 | D:1      | Reached skill level 3 in Fire Magic
  1041 | D:2      | Reached XP level 3. HP: 26/26 MP: 2/6
  1199 | D:2      | Noticed Terence
  1369 | D:2      | Slain by a hobgoblin

Levels and vault maps discovered:
D:1:      doesnt_arrival_eight_statues, layout_rooms, chequers_big_river,
          serial_bayou_ford_a
D:2:      layout_rooms, okawaru_altar_gauntlet_db, tgw_trog, uniq_terence

Skill      XL: |  1  2 |
---------------+-------+-----
Fighting       | 1 |  1.3
Fire Magic     | 3 |  3.0
Dodging        | |  1.7
Stealth        | |  1.7
Spellcasting   | |  2.4
Conjurations   | |  1.7

Action                   || total
-------------------------++-------
Melee: Mace              ||     5
       Headbutt          ||     2
 Cast: Foxfire           ||    53
  Eat: Chunk             ||     2
Armor: Robe              ||    25
Dodge: Dodged            ||    84

Table legend:
 A = Non-vault XP
 B = Vault XP
 C = Vault XP percentage of total XP
 D = Non-vault monster count
 E = Vault monster count
 F = Vault count percentage of total count
                 A         B        C        D         E       F
            +---------+---------+-------+---------+---------+-------
      Total |      60 |       0 |   0.0 |      36 |       0 |   0.0
            +---------+---------+-------+---------+---------+-------
        D:1 |      46 |       0 |   0.0 |      28 |       0 |   0.0
        D:2 |      14 |       0 |   0.0 |       8 |       0 |   0.0
            +---------+---------+-------+---------+---------+-------
